 Dungeon Crawl Stone Soup version 0.28.0-43-g3370ac3207 (webtiles) character file.

Game seed: 5112025493262039255

399 sylnyx the Ruffian (level 6, -2/61 HPs)
             Began as a Troll Fighter on Mar 22, 2022.
             Was an Initiate of Ashenzari.
             Slain by a black bear (7 damage)
             ... on level 5 of the Dungeon.
             The game lasted 00:19:58 (3326 turns).

sylnyx the Ruffian (Troll Fighter)                  Turns: 3326, Time: 00:19:59

Health: -2/61      AC:  6    Str: 27    XL:     6   Next: 54%
Magic:  5/5        EV:  8    Int:  4    God:    Ashenzari [......]
Gold:   197        SH:  7    Dex:  9    Spells: 5/5 levels left

rFire   . . .      SeeInvis .     - Unarmed
rCold   . . .      Faith    .   c - +0 kite shield
rNeg    . . .      Spirit   .   b - +0 robe
rPois   .          Reflect  .   n - +2 hat
rElec   .          Harm     .   (no cloak)
rCorr   .          Rampage  .   (gloves unavailable)
Will    .....                   (boots unavailable)
Stlth   +.........              (no amulet)
HPRegen 1.00/turn               (no ring)
MPRegen 0.09/turn               (no ring)

@: no status effects
A: large, unfitting armour, claws 3, regeneration 1, shaggy fur 1, tough skin 1
a: Renounce Religion, Curse Item


You were on level 5 of the Dungeon.
You worshipped Ashenzari.
Ashenzari was noncommittal.
You visited 1 branch of the dungeon, and saw 5 of its levels.

You collected 197 gold pieces.

Inventory:

Missiles
 s - a throwing net (quivered)
Armour
 b - a +0 robe (worn)
 c - a +0 kite shield (worn)
 n - a +2 hat (worn)
Magical Staves
 d - a staff of conjuration
Wands
 p - a wand of flame (30)
 q - a wand of digging (7)
Scrolls
 a - a scroll of enchant armour {unknown}
 e - 3 scrolls of magic mapping {unknown}
 g - a scroll of noise {unknown}
 m - 3 scrolls of identify {unknown}
 o - a scroll of fear {unknown}
 t - a scroll of teleportation {unknown}
 u - a scroll of holy word {unknown}
Potions
 f - 2 potions of cancellation {unknown}
 h - a potion of flight {unknown}
 i - 5 potions of curing
 j - a potion of haste {unknown}
 k - a potion of ambrosia {unknown}
 l - 2 potions of heal wounds {unknown}
 r - a potion of attraction {unknown}


   Skills:
 + Level 3.1 Fighting
 - Level 1.7 Maces & Flails
 + Level 3.0 Dodging
 + Level 0.3 Stealth
 + Level 3.3 Shields
 * Level 4.8 Unarmed Combat


You had 5 spell levels left.
You didn't know any spells.
Your spell library contained the following spells:

 Spells                   Type           Power      Damage    Failure   Level
 Sublimation of Blood     Necr           0%         N/A       90%         2
 Wereblood                Tmut           0%         N/A       90%         2
 Confusing Touch          Hex            0%         N/A       99%         3
 Stone Arrow              Conj/Erth      0%         3d7       99%         3
 Animate Armour           Summ/Erth      0%         N/A       100%        4
 Yara's Violent Unravell  Hex/Tmut       0%         3d3       100%        5
 Enfeeble                 Hex            0%         N/A       100%        7
 Summon Hydra             Summ           0%         N/A       100%        7
 Lehudib's Crystal Spear  Conj/Erth      0%         10d2      100%        8


Dungeon Overview and Level Annotations

Branches:
Dungeon (5/15)
 Temple: D:4-7

Altars:
Ashenzari

Shops:
D:2 (   D:4 :


Innate Abilities, Weirdness & Mutations

You are too large for most types of armour.
You have claws for hands.
Your natural rate of healing is unusually fast.
You are covered in fur. (AC +1)
You have tough skin. (AC +1)


Message History

You claw the orc!
You kill the orc!
The black bear barely misses you.
The black bear claws you but does no damage.
The black bear claws you.
You barely miss the black bear.
The black bear is heavily wounded.
The black bear bites you but does no damage.
The black bear claws you but does no damage. x2
You scratch the black bear.
The black bear is severely wounded.
The black bear goes berserk!
You closely miss the black bear.
The black bear is severely wounded.
The black bear completely misses you. The black bear barely misses you.
You block the black bear's attack. The black bear bites you.
The black bear barely misses you. You block the black bear's attack.
You barely miss the black bear.
The black bear is severely wounded.
The black bear bites you! The black bear claws you.
You block the black bear's attack.
You closely miss the black bear.
The black bear is severely wounded.
The black bear barely misses you. The black bear claws you.
The black bear barely misses you. The black bear bites you!
The black bear claws you. x2
You scratch the black bear.
The black bear is almost dead.
The black bear bites you.
* * * LOW HITPOINT WARNING * * *
The black bear claws you.
* * * LOW HITPOINT WARNING * * *
The black bear barely misses you. The black bear bites you!
* * * LOW HITPOINT WARNING * * *
The black bear claws you.
* * * LOW HITPOINT WARNING * * *
You block the black bear's attack.
You hear a bark!
The black bear bites you!
You die...

#### ..#
#####.#####.#
#....)......#
#.###.####...
#.####...
###h.......
#<.@.......
#.............
#.########....
# .... #.# ..


You could see a black bear (berserk).

Vanquished Creatures
  A scorpion (D:4)
  A centaur zombie (D:4)
  An orc priest (D:4)
  Terence (D:2)
  Natasha (thrice) (D:2)
  An orc wizard (D:4)
  A hound skeleton (D:4)
  3 gnolls (D:4)
  3 adders
  3 worms (D:2)
  3 dart slugs
  7 orcs
  5 endoplasms
  3 giant cockroaches
  9 goblins
  7 hobgoblins
  3 jackals (D:3)
  4 quokkas
  6 ball pythons
  4 bats
  A frilled lizard (D:2)
  4 kobolds
  2 rats
76 creatures vanquished.

Vanquished Creatures (others)
  3 demonic plants (D:3)
  A fungus (D:3)
  2 plants (D:3)
  4 withered plants (D:3)
10 creatures vanquished.

Grand Total: 86 creatures vanquished

Notes
Turn   | Place    | Note
-------+----------+-------------------------------------------
     0 | D:1      | sylnyx the Troll Fighter began the quest for the Orb.
     0 | D:1      | Reached XP level 1. HP: 22/22 MP: 0/0
   521 | D:1      | Reached XP level 2. HP: 26/29 MP: 1/1
   974 | D:2      | Noticed Natasha
   987 | D:2      | Killed Natasha
   988 | D:2      | Reached skill level 1 in Unarmed Combat
   988 | D:2      | Reached XP level 3. HP: 16/37 MP: 2/2
   992 | D:2      | Noticed Terence
  1044 | D:2      | Killed Terence
  1053 | D:2      | Found Wechinat's Weapon Shoppe.
  1065 | D:2      | Reached XP level 4. HP: 25/45 MP: 3/3
  1071 | D:2      | Reached skill level 2 in Unarmed Combat
  1130 | D:2      | Noticed Natasha
  1141 | D:2      | Killed Natasha
  1141 | D:2      | Noticed Natasha
  1183 | D:2      | Killed Natasha
  1184 | D:2      | Reached skill level 3 in Unarmed Combat
  1184 | D:2      | Reached XP level 5. HP: 18/53 MP: 4/4
  2274 | D:3      | Found a faded altar of an unknown god.
  2302 | D:3      | Prayed at the altar of an unknown god.
  2302 | D:3      | Became a worshipper of Ashenzari the Shackled
  2704 | D:4      | Reached skill level 4 in Unarmed Combat
  2704 | D:4      | Reached XP level 6. HP: 58/61 MP: 5/5
  2911 | D:4      | Found Qiser's Book Shoppe.
  3304 | D:5      | Entered Level 5 of the Dungeon
  3324 | D:5      | HP: 3/61 [black bear (3)]
  3326 | D:5      | Slain by a black bear

Illustrated notes

Levels and vault maps discovered:
D:1:      lightli_arrival_maybe_door_vault, layout_basic, minmay_statues_item,
          roderic_lattice_a
D:2:      minmay_angry_zag, layout_rooms, serial_shops, shop, uniq_natasha,
          uniq_terence
D:3:      layout_rooms, shapermc_ecumenical_altar_gd, kennysheep_generic_room_11
D:4:      layout_loops_ring, serial_shops, shop_fountains,
          hangedman_abyss_or_decor_passed
D:5:      layout_basic, mainiacjoe_overflow_surrounded_room

Skill      XL: |  1  2  3  4  5  6 |
---------------+-------------------+-----
Fighting       | 3 |  3.1
Unarmed Combat | 1 3 4 |  4.8
Shields        | 3 |  3.3
Dodging        | 3 |  3.0
Maces & Flails | |  1.7
Stealth        | |  0.3

Action                   |  1- 3 |  4- 6 || total
-------------------------+-------+-------++-------
Melee: Unarmed           |    73 |   172 ||   245
  Use: Potion            |       |     1 ||     1
 Stab: Sleeping          |     1 |       ||     1
Armor: Robe              |    17 |    57 ||    74
Dodge: Dodged            |    26 |    69 ||    95
Block: Kite shield       |    31 |    65 ||    96
